 Dungeon Crawl Stone Soup version 0.25.0 (webtiles) character file.

Game seed: 16814338364986434860

1269 HungrySpirit the Cleaver (level 8, -1/73 HPs)
             Began as a Minotaur Fighter on June 12, 2020.
             Slain by an ogre
             ... wielding a cursed -1 giant spiked club
              (21 damage)
             ... on level 5 of the Dungeon.
             The game lasted 00:07:32 (5466 turns).

HungrySpirit the Cleaver (Minotaur Fighter)         Turns: 5466, Time: 00:07:33

Health: -1/73      AC:  7    Str: 24    XL:     8   Next: 28%
Magic:  7/7        EV: 10    Int:  5    God:
Gold:   296        SH:  5    Dex:  9    Spells: 7/7 levels left

rFire    . . .     SeeInvis .   a - +0 war axe
rCold    . . .     Gourm    .   (no shield)
rNeg     . . .     Faith    .   h - +0 scale mail
rPois    +         Spirit   .   (helmet restricted)
rElec    .         Reflect  +   (no cloak)
rCorr    .         Harm     .   (no gloves)
MR       .....                  (no boots)
Stlth    ..........             s - amulet of reflection
HPRegen  0.22/turn              (no ring)
MPRegen  0.10/turn              v - ring of poison resistance

@: mighty
A: retaliatory headbutt, horns 2
a: no special abilities


You were on level 5 of the Dungeon.
You were not hungry.

You visited 1 branch of the dungeon, and saw 5 of its levels.

You collected 386 gold pieces.
You spent 90 gold pieces at shops.

Inventory:

Hand Weapons
 a - a +0 war axe (weapon)
Armour
 b - a +0 scale mail
 c - a +0 kite shield
 h - a +0 scale mail (worn)
 x - a +1 hat
Jewellery
 s - an amulet of reflection (around neck)
 v - a ring of poison resistance (right hand)
Scrolls
 i - a scroll of enchant weapon {unknown}
 k - 5 scrolls of remove curse
 l - 2 scrolls of enchant armour {unknown}
 p - a scroll of random uselessness {unknown}
 q - 2 scrolls of teleportation {unknown}
 t - 2 scrolls of identify {unknown}
 w - a scroll of blinking {unknown}
Potions
 e - a potion of invisibility {unknown}
 g - 4 potions of curing
 j - 2 potions of heal wounds {unknown}
 m - 3 potions of brilliance {unknown}
 n - a potion of haste {unknown}
 r - 2 potions of resistance
 u - a potion of flight {unknown}
Comestibles
 d - 3 chunks of flesh
 f - 8 rations


   Skills:
 + Level 7.0 Fighting
 * Level 8.9 Axes
 + Level 7.0 Armour
 - Level 3.6 Shields


You had 7 spell levels left.
You didn't know any spells.
Your spell library was empty.

Dungeon Overview and Level Annotations

Branches:
Dungeon (5/15)
 Temple: D:4-7

Altars:
Ashenzari
Fedhas
Nemelex Xobeh
Qazlal
Xom
Zin

Annotations:
D:3 3 runed translucent doors, Delver's ghost, amateur DEFE; Wanze's ghost, weakling HOAK
D:4 Dowan; Duvessa


Innate Abilities, Weirdness & Mutations

You reflexively headbutt those who attack you in melee.
You have a pair of horns on your head.


Message History

An ogre comes into view. It is wielding a -1 giant spiked club.
The ogre shouts!
You feel very mighty all of a sudden.
The ogre hits you with a +0 giant spiked club!!
You slice the ogre!!
The ogre is almost dead.
You slash the ogre!
You kill the ogre!
Your Fighting skill increases to level 7!
Your Armour skill increases to level 7!
You closely miss the ogre. You headbutt the ogre!
The ogre is moderately wounded.
The ogre hits you with a cursed -1 giant spiked club!!
* * * LOW HITPOINT WARNING * * *
You slash the ogre!
The ogre is severely wounded.
You barely miss the ogre.
The ogre is severely wounded.
The ogre hits you with a cursed -1 giant spiked club!!
You die...

. .## ####
..# #..#
#.# #..###
#.# #.....
#.# ####..
#O# #..
#@## ##.
#..# #.
#..# ##
#..# #
#..###
#..).####
#
##.#....#
##
#.#....#
###.
#.#....###
##...


You could see an ogre.

Vanquished Creatures
  Sigmund (D:3)
  2 centaurs (D:5)
  3 ogres (D:5)
  A scorpion (D:4)
  A howler monkey (D:5)
  A centaur skeleton (D:4)
  A gnoll shaman (D:5)
  An orc priest (D:3)
  Terence (D:2)
  4 worker ants
  3 orc wizards
  2 hound zombies (D:5)
  A hound skeleton (D:4)
  A worker ant zombie (D:5)
  10 gnolls
  6 adders
  An adder zombie (D:5)
  2 worms (D:2)
  A dart slug (D:2)
  3 leopard geckos
  11 orcs
  9 bats
  3 giant cockroaches
  8 hobgoblins
  18 jackals
  3 quokkas
  4 ball pythons
  3 frilled lizards
  A giant cockroach zombie (D:5)
  8 goblins
  10 kobolds
  A leopard gecko skeleton (D:5)
  7 rats
132 creatures vanquished.

Notes
Turn   | Place    | Note
-------+----------+-------------------------------------------
     0 | D:1      | HungrySpirit the Minotaur Fighter began the quest for the
                  | Orb.
     0 | D:1      | Reached XP level 1. HP: 19/19 MP: 0/0
   284 | D:1      | Reached skill level 3 in Axes
   284 | D:1      | Reached XP level 2. HP: 11/27 MP: 1/1
   801 | D:1      | Reached XP level 3. HP: 33/33 MP: 2/2
  1075 | D:2      | You fall into a shaft and drop 2 floors!
  1086 | D:4      | Reached skill level 4 in Axes
  1201 | D:3      | Reached XP level 4. HP: 40/40 MP: 3/3
  1580 | D:2      | Found a stormy altar of Qazlal.
  1598 | D:2      | Found a blossoming altar of Fedhas.
  1683 | D:2      | Noticed Terence
  1688 | D:2      | Killed Terence
  1760 | D:2      | Reached XP level 5. HP: 47/47 MP: 4/4
  1886 | D:2      | Reached skill level 5 in Axes
  2225 | D:2      | Found a shimmering blue altar of Sif Muna.
  2227 | D:2      | Found a shimmering altar of Xom.
  2227 | D:2      | Found a stormy altar of Qazlal.
  2229 | D:2      | Found a shattered altar of Ashenzari.
  2229 | D:2      | Found a stormy altar of Qazlal.
  2229 | D:2      | Found a shattered altar of Ashenzari.
  2746 | D:3      | Noticed Sigmund
  2751 | D:3      | Killed Sigmund
  2751 | D:3      | Reached skill level 5 in Fighting
  2751 | D:3      | Reached skill level 6 in Axes
  2751 | D:3      | Reached skill level 5 in Armour
  2751 | D:3      | Reached XP level 6. HP: 36/56 MP: 5/5
  2927 | D:3      | Found a sparkling altar of Nemelex Xobeh.
  3131 | D:3      | Found a runed translucent gate.
  3131 | D:3      | Found a runed translucent gate.
  3132 | D:3      | Found a runed translucent gate.
  3132 | D:3      | Noticed Delver's ghost (amateur DEFE)
  3132 | D:3      | Noticed Wanze's ghost (weakling HOAK)
  3752 | D:4      | Noticed Dowan
  3864 | D:4      | Found Zin's Purification Station.
  3864 | D:4      | Noticed Duvessa
  4019 | D:4      | Reached XP level 7. HP: 62/62 MP: 6/6
  4105 | D:4      | Found a glowing silver altar of Zin.
  4398 | D:4      | Reached skill level 7 in Axes
  4616 | D:4      | Bought a potion of curing for 90 gold pieces
  4706 | D:5      | Entered Level 5 of the Dungeon
  4950 | D:5      | Found a shattered altar of Ashenzari.
  4983 | D:5      | Reached skill level 8 in Axes
  5318 | D:5      | Reached XP level 8. HP: 70/71 MP: 7/7
  5466 | D:5      | Slain by an ogre

Illustrated notes

Levels and vault maps discovered:
D:1:      dpeg_arrival_snail, layout_basic, minmay_misc_feat_pillars
D:2:      kennysheep_six_static_rooms, layout_basic,
          grunt_temple_overflow_forces_of_nature, doesnt_xom_only_xom,
          uniq_terence
D:3:      layout_rooms, nemelex_altar_shiori, gammafunk_ghost_cemetery,
          uniq_sigmund
D:4:      layout_loops_ring, zin_purify, uniq_duvessa
D:5:      layout_rooms, ashenzari_conservatory_becter, temple_fountains,
          first_ration

Skill      XL: |  1  2  3  4  5  6  7  8 |
---------------+-------------------------+-----
Axes           | 3 4 6 8 |  8.9
Fighting       | 4 5 6 7 |  7.0
Armour         | 4 5 6 7 |  7.0
Shields        | |  3.6

Action                   |  1- 3 |  4- 6 |  7- 9 || total
-------------------------+-------+-------+-------++-------
Melee: War axe           |    62 |   153 |   113 ||   328
       Headbutt          |     6 |    12 |    21 ||    39
  Use: Potion            |       |     1 |     1 ||     2
       Scroll            |       |     1 |     1 ||     2
  Eat: Chunk             |     1 |     9 |     5 ||    15
Armor: Scale mail        |    32 |    94 |    31 ||   157
Dodge: Dodged            |    42 |    97 |    54 ||   193
Block: Other             |       |       |    22 ||    22
       Reflection        |       |       |     1 ||     1
